 Dungeon Crawl Stone Soup version 0.30-a0-137-gd8773701ce (webtiles) character file.

Game seed: 11324816337111289983

486 gMajorSevenFlatFive the Poker (level 7, -7/57 HPs)
             Began as a Meteoran Fighter on Sept 24, 2022.
             Was a Believer of Fedhas.
             Mangled by Prince Ribbit (14 damage)
             ... on level 5 of the Dungeon.
             The game lasted 00:09:58 (1015 turns).

gMajorSevenFlatFive the Poker (Meteoran Fighter)    Turns: 1015, Time: 00:10:00

Health: -7/57      AC:  8    Str: 20    XL:     7   Next: 62%
Magic:  8/8        EV:  9    Int:  9    God:    Fedhas [**....]
Gold:   125        SH:  5    Dex: 14    Spells: 6/6 levels left

rFire   . . .      SeeInvis .    a - +0 war axe
rCold   . . .      Faith    .    c - +0 buckler
rNeg    . . .      Spirit   .    b - +0 scale mail
rPois   .          Reflect  .    (no helmet)
rElec   .          Harm     .    (no cloak)
rCorr   .          Rampage  .    (no gloves)
Will    .....                    i - +0 pair of boots
Stlth   ..........               (no amulet)
HPRegen 0.19/turn                (no ring)
MPRegen 0.11/turn                (no ring)

@: glowing
A: sense surroundings 1, otherworldly, glowing, explore regen
a: Renounce Religion, Wall of Briars


You were on level 5 of the Dungeon.
You worshipped Fedhas.
Fedhas was pleased with you.
You visited 1 branch of the dungeon, and saw 5 of its levels.

You collected 125 gold pieces.

Inventory:

Hand Weapons
 a - a +0 war axe (weapon)
Missiles
 j - 8 poisoned darts (quivered)
 n - 3 curare-tipped darts
 t - 6 boomerangs
Armour
 b - a +0 scale mail (worn)
 c - a +0 buckler (worn)
 i - a +0 pair of boots (worn)
Jewellery
 m - a ring of protection from cold
 q - a +6 ring of intelligence
Wands
 s - a wand of flame (12)
 v - a wand of mindburst (6)
Scrolls
 d - a scroll of magic mapping {unknown}
 g - 2 scrolls of amnesia {unknown}
 h - 2 scrolls of noise {unknown}
 k - 3 scrolls of identify {unknown}
 l - a scroll of poison {unknown}
 r - a scroll of summoning {unknown}
 y - a scroll of vulnerability {unknown}
Potions
 e - a potion of curing {unknown}
 f - 2 potions of heal wounds {unknown}
 o - a potion of berserk rage {unknown}
 u - a potion of mutation {unknown}
 w - a potion of magic {unknown}
 x - 2 potions of attraction {unknown}
 z - a potion of flight {unknown}


   Skills:
 - Level 3.2 Fighting
 - Level 4.9(6.8) Axes
 * Level 7.2(8.0) Polearms
 - Level 3.6 Armour
 - Level 0.1 Dodging
 - Level 3.6 Shields
 - Level 0.9 Evocations


You had 6 spell levels left.
You didn't know any spells.
Your spell library was empty.

Dungeon Overview and Level Annotations

Branches:
Dungeon (5/15) Zot: 1947
 Temple: D:4-7

Altars:
Fedhas
Yredelemnul

Annotations:
D:5 Prince Ribbit


Innate Abilities, Weirdness & Mutations

You passively map a small area around you.
You are easily found by Zot.
You glow in the dark.
You regain HP and MP as you explore.


Message History

Prince Ribbit hits you! x2
Throw: throwing net
Press: ? - help, Shift-Dir - straight line, f/p - Prince Ribbit
Aim: Prince Ribbit (36% to hit)
You throw a throwing net. The throwing net misses Prince Ribbit.
Prince Ribbit hits you!
Throw: 4 darts (curare)
Press: ? - help, Shift-Dir - straight line, f/p - Prince Ribbit
Aim: Prince Ribbit (36% to hit)
You throw a curare-tipped dart.
The curare-tipped dart hits Prince Ribbit.
Prince Ribbit is poisoned.
Prince Ribbit convulses.
Prince Ribbit seems to slow down.
Prince Ribbit is moderately wounded.
Prince Ribbit hits you!
* * * LOW HITPOINT WARNING * * *
Okay, then.
Unknown command.
You miss Prince Ribbit.
Prince Ribbit is moderately wounded.
Prince Ribbit barely misses you.
You miss Prince Ribbit.
Prince Ribbit is moderately wounded.
Prince Ribbit barely misses you.
You slash Prince Ribbit!
Prince Ribbit is heavily wounded.
Prince Ribbit hits you!
* * * LOW HITPOINT WARNING * * *
Unknown command.
Aiming: Mindburst
Press: ? - help, Shift-Dir - straight line, f/p - Prince Ribbit
Aim: Prince Ribbit (heavily wounded, very poisoned, slow, chance to affect: 51%) Prince Ribbit's mind is blasted!
You block Prince Ribbit's attack.
Aiming: Mindburst
Press: ? - help, Shift-Dir - straight line, f/p - Prince Ribbit
Aim: Prince Ribbit (almost dead, very poisoned, slow, chance to affect: 51%) Prince Ribbit resists with significant effort.
Prince Ribbit hits you!
You die...
Fedhas appreciates your contribution to the ecosystem.

........# , * ,
......### , , ,, *
......############### ,
, ...........(........#
, ,
....................# ,
....................# ,
.....#..............# .,
.....##...##...F...#....
,
.....##...####..@.......
#######...# #..........
................... , ,
*..............#.... , ,
.....###### ... , .....
** *,,.. * , ..... , . ,
* ###. , * *


You could see Prince Ribbit (very poisoned, slow).

Vanquished Creatures
  Eustachio (D:4)
  A gnoll sergeant (D:5)
  2 electric eels (D:3)
  A jelly (D:4)
  An orc wizard (D:4)
  5 gnolls (D:5)
  4 adders
  2 worms
  5 dart slugs
  7 orcs (D:4)
  4 bats
  2 endoplasms
  2 goblins
  2 hobgoblins
  2 jackals (D:1)
  3 kobolds
  4 quokkas
  2 ball pythons (D:1)
  2 frilled lizards
  4 rats
56 creatures vanquished.

Vanquished Creatures (others)
  A plant (D:3)
1 creature vanquished.

Grand Total: 57 creatures vanquished

Notes
Turn   | Place    | Note
-------+----------+-------------------------------------------
     0 | D:1      | gMajorSevenFlatFive the Meteoran Fighter began the quest
                  | for the Orb.
     0 | D:1      | Reached XP level 1. HP: 19/19 MP: 2/2
    87 | D:1      | Reached XP level 2. HP: 17/26 MP: 3/3
   234 | D:2      | Found a faded altar of an unknown god.
   245 | D:2      | Prayed at the altar of an unknown god.
   245 | D:2      | Became a worshipper of Fedhas Madash
   245 | D:2      | Reached * piety under Fedhas
   295 | D:2      | Reached XP level 3. HP: 31/31 MP: 4/4
   356 | D:2      | You fall into a shaft and drop 1 floor!
   377 | D:3      | Found a basalt altar of Yredelemnul.
   398 | D:3      | Reached XP level 4. HP: 27/38 MP: 5/5
   422 | D:3      | Found a transporter.
   457 | D:3      | Reached skill level 2 in Polearms
   457 | D:3      | Reached XP level 5. HP: 18/45 MP: 6/6
   457 | D:3      | HP: 1/45 [electric eel/bolt of electricity (13)]
   459 | D:3      | Reached skill level 3 in Polearms
   462 | D:3      | Found a transporter.
   696 | D:4      | Reached ** piety under Fedhas
   705 | D:4      | Reached XP level 6. HP: 43/51 MP: 7/7
   750 | D:4      | Reached skill level 4 in Polearms
   765 | D:4      | Noticed Eustachio
   779 | D:4      | Killed Eustachio
   780 | D:4      | Reached skill level 6 in Polearms
   780 | D:4      | Reached XP level 7. HP: 48/57 MP: 8/8
   896 | D:5      | Entered Level 5 of the Dungeon
   931 | D:5      | Reached skill level 7 in Polearms
   999 | D:5      | Noticed Prince Ribbit
  1015 | D:5      | Mangled by Prince Ribbit

Illustrated notes

Levels and vault maps discovered:
D:1:      denvon_arrival_planthouse, layout_rooms, minmay_curled_crystal
D:2:      layout_loops_ring, shapermc_ecumenical_altar_mp_highgroup
D:3:      gammafunk_steamed_eel, layout_loops_cross,
          nicolae_overflow_crystal_walls
D:4:      layout_rooms, kennysheep_big_empty_room, uniq_eustachio
D:5:      layout_basic, portal_sewer_entry_f, minmay_mini_ossuary,
          uniq_crazy_yiuf_cottage, uniq_prince_ribbit1

Skill      XL: |  1  2  3  4  5  6  7 |
---------------+----------------------+-----
Axes           | 3 4 |  4.9
Polearms       | 2 3 6 7 |  7.2
Fighting       | |  3.2
Armour         | |  3.6
Dodging        | |  0.1
Shields        | |  3.6
Evocations     | |  0.9

Action                   |  1- 3 |  4- 6 |  7- 9 || total
-------------------------+-------+-------+-------++-------
Melee: War axe           |    48 |    50 |    32 ||   130
Throw: Dart              |       |       |     7 ||     7
       Throwing net      |       |       |     1 ||     1
Evoke: Wand              |       |     8 |     3 ||    11
  Use: Potion            |       |       |     1 ||     1
Armor: Scale mail        |    30 |    22 |    21 ||    73
Dodge: Dodged            |    18 |    13 |    17 ||    48
Block: Buckler           |    16 |    10 |    15 ||    41

Table legend: (Time is in decaauts)
 A = Elapsed time spent in this place.
 B = Non-inter-level travel time spent in this place.
 C = Inter-level travel time spent in this place.
 D = Time resting spent in this place.
 E = Time spent auto-exploring this place.
 F = Levels seen in this place.
 G = Mean time per level.
                   A        B        C        D        E       F      G
               +--------+--------+--------+--------+--------+-----+--------+
         Total |   1051 |    937 |    114 |      0 |     90 |   5 |  210.2 |
       Dungeon |   1051 |    937 |    114 |      0 |     90 |   5 |  210.2 |
               +--------+--------+--------+--------+--------+-----+--------+

Top non-repeatable levels by time:
     D:4: 264 daAuts
     D:3: 243 daAuts
     D:1: 223 daAuts
     D:2: 197 daAuts
     D:5: 123 daAuts
